 Dungeon Crawl Stone Soup version 0.31-a0-246-g8cbcc1cb85 (webtiles) character file.

Game seed: 7220772235401936594

130 qw the Shooter (level 5, 0/30 HPs)
             Began as a Gargoyle Hexslinger on July 12, 2023.
             Slain by an orc priest
             ... wielding a +0 dagger
              (2 damage)
             ... on level 3 of the Dungeon.
             The game lasted 00:00:37 (1318 turns).

qw the Shooter (Gargoyle Hexslinger)                Turns: 1318, Time: 00:00:37

Health: 0/30       AC:  7    Str: 11    XL:     5   Next: 14%
Magic:  6/6        EV: 11    Int: 14    God:
Gold:   122        SH:  0    Dex: 14    Spells: 5/6 levels left

rFire   . . .        Y - +1 sling
rCold   . . .        (no shield)
rNeg    + . .        h - +0 leather armour
rPois   inf          (no helmet)
rElec   +            (no cloak)
rCorr   .            (no gloves)
SInv    .            (no boots)
Will    .....        (no amulet)
Stlth   +            (no ring)
HPRegen 0.25/turn    (no ring)
MPRegen 0.10/turn

%: no passive effects
@: no status effects
A: sickness immunity, AC +4, negative energy resistance 1, electricity
resistance, torment resistance 1, petrification resistance
a: no special abilities


You were on level 3 of the Dungeon.
You visited 1 branch of the dungeon, and saw 3 of its levels.

You collected 122 gold pieces.


Innate Abilities, Weirdness & Mutations

You are immune to sickness and miasma.
Your stone body is resilient. (AC +4)
You are immune to poison.
You resist negative energy. (rN+)
You are resistant to electric shocks. (rElec)
You are resistant to unholy torment.
You are immune to petrification.


   Skills:
 - Level 2.0 Fighting
 + Level 4.9 Ranged Weapons
 - Level 1.5 Dodging
 - Level 1.0 Spellcasting
 - Level 2.6 Hexes


You had 5 spell levels left.
You knew the following spells:

 Your Spells              Type           Power      Damage    Failure   Level
a - Slow                  Hex            32%        N/A       12%         1

Your spell library contained the following spells:

 Spells                   Type           Power      Damage    Failure   Level
 Inner Flame              Hex/Fire       4%         N/A       52%         3
 Portal Projectile        Hex/Tloc       8%         N/A       52%         3
 Cause Fear               Hex            4%         N/A       75%         4

Inventory:

Hand Weapons
 Y - a +1 sling (weapon)
Armour
 h - a +0 leather armour (worn)
Jewellery
 g - a ring of fire
Potions
 a - a potion of brilliance {unknown}
 d - a potion of heal wounds {unknown}

Dungeon Overview and Level Annotations

Branches:
Dungeon (3/15)

Altars:
Gozag

Shops:
D:1 =


Message History

The orc hits you from afar with a +0 trident!
You have reached level 5!
You shoot a sling bullet.
The sling bullet closely misses the orc.
The orc hits you but does no damage.
You shoot a sling bullet. The sling bullet hits the orc.
The orc is moderately wounded.
The orc priest miscasts a cantrip.
The orc closely misses you.
You shoot a sling bullet. The sling bullet hits the orc.
The orc is severely wounded.
The orc priest calls upon Beogh to heal the orc.
The orc's wounds heal themselves!
The orc throws a boomerang.
The boomerang hits you but does no damage.
The orc priest casts a cantrip, but nothing happens.
The orc barely misses you.
You shoot a sling bullet. The sling bullet hits the orc.
The orc is heavily wounded.
The orc hits you from afar with a +0 trident.
You shoot a sling bullet. The sling bullet hits the orc.
The orc is almost dead.
The orc hits you but does no damage.
You shoot a sling bullet. The sling bullet barely misses the orc.
The orc hits you but does no damage.
You shoot a sling bullet.
The sling bullet closely misses the orc.
The orc barely misses you. x2
You shoot a sling bullet. The sling bullet hits the orc.
You kill the orc!
You shoot a sling bullet.
The sling bullet barely misses the orc priest.
You shoot a sling bullet.
The sling bullet hits the orc priest but does no damage.
The orc priest miscasts a cantrip.
You shoot a sling bullet. The sling bullet hits the orc priest.
The orc priest is moderately wounded.
You shoot a sling bullet.
The sling bullet barely misses the orc priest.
The orc priest hits you with a +0 dagger. x2
You die...

#......#.##
###.###...#####
#####........#
##.$$##...###...
#.8.8o##..####
#_.o..%......##
#).#._..####.#
##o........<..#
#@.##########.#
##.# #.# #.# #.#
#.# #.# #.#


You could see an orc priest.

Vanquished Creatures
  Terence (D:2)
  An iguana (D:3)
  An orc wizard (D:3)
  An adder (D:2)
  2 worms
  An orc (D:3)
  5 endoplasms
  2 giant cockroaches
  3 goblins
  3 hobgoblins (D:1)
  2 kobolds (D:2)
  3 quokkas
  4 ball pythons
  5 bats
  2 frilled lizards (D:2)
  6 rats
42 creatures vanquished.

Notes
Turn   | Place    | Note
-------+----------+-------------------------------------------
     0 | D:1      | qw the Gargoyle Hexslinger began the quest for the Orb.
     0 | D:1      | Reached XP level 1. HP: 12/12 MP: 2/2
     0 | D:1      | 0 ||| qw: Version: 0.3-a-52-g30416fa
     0 | D:1      | 0 ||| qw: Game counter: 6306
     0 | D:1      | 0 ||| qw: Melee chars always use a shield: true
     0 | D:1      | 0 ||| qw: God list: Okawaru
     0 | D:1      | 0 ||| qw: Allow faded altars: false
     0 | D:1      | 0 ||| qw: Do Orc after clearing Dungeon:15 true
     0 | D:1      | 0 ||| qw: Do second Lair branch before Depths: true
     0 | D:1      | 0 ||| qw: Lair rune preference: random
     0 | D:1      | 0 ||| qw: Goals: Normal
     0 | D:1      | 0 ||| PLANNING D:1-11
   118 | D:1      | You fall into a shaft and drop 1 floor!
   119 | D:2      | 119 ||| STAIRDANCE
   120 | D:1      | Found Peesheca's Jewellery Shoppe.
   122 | D:1      | Reached XP level 2. HP: 16/16 MP: 3/3
   132 | D:1      | 132 ||| SHOPLISTING amulet of faith (480 gold, have 7).
   132 | D:1      | 132 ||| SHOPLISTING ring of fire (300 gold, have 7).
   132 | D:1      | 132 ||| SHOPLISTING ring of protection from fire (300 gold,
                  | have 7).
   132 | D:1      | 132 ||| SHOPLISTING ring of resist corrosion (240 gold,
                  | have 7).
   132 | D:1      | 132 ||| SHOPLISTING ring of see invisible (180 gold, have
                  | 7).
   132 | D:1      | 132 ||| SHOPLISTING ring of the Octopus King {rN+ HP+2 AC+2
                  | EV+2 SH+2} (676 gold, have 7).
   201 | D:1      | Reached skill level 3 in Ranged Weapons
   555 | D:1      | Reached XP level 3. HP: 21/21 MP: 4/4
   625 | D:1      | 625 ||| UPGRADING to +0 leather armour.
   635 | D:1      | 635 ||| DROPPING +0 robe.
   636 | D:1      | 636 ||| READING scroll labelled CAUSHRO FALIZUL.
   637 | D:1      | 637 ||| READING scroll labelled QIOQUUCLOI.
   638 | D:1      | 638 ||| DROPPING scroll of poison.
   717 | D:2      | 717 ||| STAIRDANCE
   903 | D:2      | HP: 5/21 [worm (5)]
  1044 | D:2      | Noticed Terence
  1049 | D:2      | Killed Terence
  1050 | D:2      | Reached skill level 4 in Ranged Weapons
  1050 | D:2      | Reached XP level 4. HP: 26/26 MP: 5/5
  1215 | D:3      | Found an opulent altar of Gozag.
  1299 | D:3      | 1299 ||| Stepping ~*~*~tactically~*~*~ (outnumbered).
  1300 | D:3      | 1300 ||| Stepping ~*~*~tactically~*~*~ (outnumbered).
  1306 | D:3      | HP: 5/26 [orc/+0 trident (7)]
  1307 | D:3      | Reached XP level 5. HP: 6/30 MP: 6/6
  1310 | D:3      | HP: 2/30 [orc/+0 trident (5)]
  1318 | D:3      | HP: 2/30 [orc priest/+0 dagger (2)]
  1318 | D:3      | Slain by an orc priest

Levels and vault maps discovered:
D:1:      dpeg_arrival_prison, layout_basic, serial_shops, shop
D:2:      layout_rooms, uniq_terence
D:3:      layout_loops_ring, nicolae_gozag_seed_capital, kennysheep_orc_chapel

Skill      XL: |  1  2  3 |
---------------+----------+-----
Ranged Weapons | 3 4 |  4.9
Fighting       | 2 |  2.0
Dodging        | |  1.5
Spellcasting   | |  1.0
Hexes          | |  2.6

Action                     |  1- 3 |  4- 6 || total
---------------------------+-------+-------++-------
   Fire: Sling             |   123 |    38 ||   161
    Use: Scroll            |     2 |       ||     2
 Armour: Robe              |     7 |       ||     7
         Leather armour    |     7 |     6 ||    13
  Dodge: Dodged            |    25 |    16 ||    41

Table legend:
 A = Non-vault XP
 B = Vault XP
 C = Vault XP percentage of total XP
 D = Non-vault monster count
 E = Vault monster count
 F = Vault count percentage of total count
                 A         B        C        D         E       F
            +---------+---------+-------+---------+---------+-------
      Total |     112 |      75 |  40.1 |      37 |       5 |  11.9
            +---------+---------+-------+---------+---------+-------
        D:1 |      38 |       3 |   7.3 |      21 |       2 |   8.7
        D:2 |      36 |      36 |  50.0 |      14 |       1 |   6.7
        D:3 |      38 |      36 |  48.6 |       2 |       2 |  50.0
            +---------+---------+-------+---------+---------+-------
